 Dungeon Crawl Stone Soup version 0.31-a0-102-g33a4ccc0cb (webtiles) character file.

Game seed: 14549047489993400566

7 Esekla the Sneak (level 2, 11/21 HPs)
             Began as an Octopode Delver on May 26, 2023.
             Quit the game on level 5 of the Dungeon.
             The game lasted 00:00:35 (56 turns).

Esekla the Sneak (Octopode Delver)                    Turns: 56, Time: 00:00:36

Health: 11/21      AC:  1    Str: 11    XL:     2   Next: 0%
Magic:  2/2        EV: 13    Int: 12    God:
Gold:   44         SH:  0    Dex: 13    Spells: 1/1 levels left

rFire   . . .        h - +0 scimitar
rCold   . . .        (no shield)
rNeg    . . .        (helmet restricted)
rPois   .            (no amulet)
rElec   .            (no ring)
rCorr   .            (no ring)
SInv    .            (no ring)
Will    .....        (no ring)
Stlth   ++++         (no ring)
HPRegen 0.23/turn    (no ring)
MPRegen 0.08/turn    (no ring)
                     (no ring)

%: no passive effects
@: no status effects
A: almost no armour, amphibious, 8 rings, camouflage 1, gelatinous body 1,
(nimble swimmer 1), tentacles
a: no special abilities


You were on level 5 of the Dungeon.
You visited 1 branch of the dungeon, and saw 1 of its levels.

You collected 44 gold pieces.

Inventory:

Hand Weapons
 a - a +0 falchion
 h - a +0 scimitar (weapon)
Wands
 f - a wand of digging (3)
Scrolls
 b - a scroll of fog
 d - a scroll of fear
 g - a scroll of silence {unknown}
Potions
 e - a potion of haste


   Skills:
 * Level 3.1 Fighting
 * Level 2.0 Long Blades
 * Level 2.1 Dodging
 + Level 6.8 Stealth
 * Level 0.2 Spellcasting


You had one spell level left.
You didn't know any spells.
Your spell library was empty.

Dungeon Overview and Level Annotations

Branches:
Dungeon (5/15)
 Temple: D:4-7

Altars:


Innate Abilities, Weirdness & Mutations

You cannot wear most types of armour.
You are amphibious.
You can wear up to eight rings at the same time.
Your skin changes colour to match your surroundings (Stealth+).
Your rubbery body absorbs attacks. (AC +1, EV +1)
((You are camouflaged when in or above water. (Stealth+)))
You have tentacles for arms and can constrict up to eight enemies at once.


Message History

You now have 11 gold pieces.
Found 13 gold pieces.
Found an escape hatch in the ceiling.
An ogre comes into view. It is wielding a +0 giant club.
A quokka comes into view.
You see here a scroll labelled PAELEABRICH.
g - a scroll labelled PAELEABRICH
Found 17 gold pieces.
The quokka attacks as you move away! The quokka bites you.
Found a scimitar and 7 stones.
You see here 13 gold pieces.
You now have 24 gold pieces (gained 13).
The quokka closely misses you.
You barely miss the quokka. You grab the quokka.
You constrict the quokka, but do no damage.
The quokka closely misses you. x2
You slash the quokka!
You kill the quokka!
An ufetubus comes into view.
The ufetubus shouts!
You see here 17 gold pieces.
You now have 41 gold pieces (gained 17).
Found 3 gold pieces.
You see here a +0 scimitar.
h - a +0 scimitar (weapon)
The ufetubus completely misses you. x2
You barely miss the ufetubus. Your grab misses the ufetubus.
The ufetubus closely misses you. x2; The ufetubus hits you. x2
You barely miss the ufetubus. Your grab misses the ufetubus.
The ufetubus hits you. The ufetubus barely misses you.
The ufetubus closely misses you. The ufetubus barely misses you.
You miss the ufetubus. Your grab misses the ufetubus. The ufetubus hits you.
The ufetubus closely misses you. x2; The ufetubus barely misses you.
You slash the ufetubus!
You kill the ufetubus!
You have reached level 2!
You now have 44 gold pieces (gained 3).
As you read the scroll of magic mapping, it crumbles to dust.
You feel aware of your surroundings.
Are you sure you want to abandon this character and quit the game? (Confirm with "yes".)

*..#*,....,,,,,,..#.,,,,
**#.....,...,,,,......,,,,
**,......,..##,,.......,,,, ***
*,,......##...,*.......,..,
**,****,,#....#...***......,...,
*,,,****,*#......#####..##,....,
*,,,,******#.............##....,
**,,<,,,*#..#......#......#.....,
*,,,,**,,#......@.###...........,
,,,**,*,,........## #...........*
,,,,,,,,,.........###........(..*
*,,,,,,,,........................
,,,,,,,,,........................
,,,,,**,,#.......................
,,,,,,,,,.......................#
,,,,,,,*,........##..............
,,,,,,,*,,**,.................#..


There were no monsters in sight!

Vanquished Creatures
  An ufetubus (D:5)
  A quokka (D:5)
2 creatures vanquished.

Notes
Turn   | Place    | Note
-------+----------+-------------------------------------------
     0 | D:5      | Esekla the Octopode Delver began the quest for the Orb.
     0 | D:5      | Reached XP level 1. HP: 16/16 MP: 1/1
    11 | D:5      | Noticed an ogre
    46 | D:5      | Reached XP level 2. HP: 9/21 MP: 2/2
    56 | D:5      | Quit the game

Illustrated notes

Levels and vault maps discovered:
D:5:      layout_cave_pools, nicolae_fountain_basement

Action                     || total
---------------------------++-------
  Melee: Scimitar          ||     4
         Falchion          ||     2
         Constrict         ||     1
    Use: Scroll            ||     1
  Dodge: Dodged            ||    13

Table legend: (Time is in decaauts)
 A = Elapsed time spent in this place.
 B = Non-inter-level travel time spent in this place.
 C = Inter-level travel time spent in this place.
 D = Time resting spent in this place.
 E = Time spent auto-exploring this place.
 F = Levels seen in this place.
 G = Mean time per level.
                   A        B        C        D        E       F      G
               +--------+--------+--------+--------+--------+-----+--------+
         Total |     57 |     57 |      0 |      0 |      0 |   1 |   57.0 |
       Dungeon |     57 |     57 |      0 |      0 |      0 |   1 |   57.0 |
               +--------+--------+--------+--------+--------+-----+--------+

Top non-repeatable levels by time:
     D:5: 57 daAuts
